 Dungeon Crawl Stone Soup version 0.32-a0 (webtiles) character file.

Game seed: 17811595776338765534

74 James the Slasher (level 4, 0/33 HPs)
             Began as a Demonspawn Gladiator on Jan 13, 2024.
             Slain by Terence
             ... wielding a +0 hand axe
              (4 damage)
             ... on level 2 of the Dungeon.
             The game lasted 00:03:19 (1756 turns).

James the Slasher (Demonspawn Gladiator)            Turns: 1756, Time: 00:03:20

Health: 0/33       AC:  3    Str: 15    XL:     4   Next: 10%
Magic:  4/4        EV: 12    Int:  8    God:
Gold:   195        SH:  0    Dex: 16    Spells: 3/3 levels left

rFire   . . .        a - +0 long sword
rCold   . . .        (no shield)
rNeg    . . .        b - +0 leather armour
rPois   .            (helmet restricted)
rElec   .            (no cloak)
rCorr   .            (no gloves)
SInv    .            (no boots)
Will    .....        (no amulet)
Stlth   +            (no ring)
HPRegen 0.25/turn    (no ring)
MPRegen 0.09/turn

%: no passive effects
@: no status effects
A: horns 1, powered by pain 1
a: no special abilities


You were on level 2 of the Dungeon.
You visited 1 branch of the dungeon, and saw 3 of its levels.

You collected 195 gold pieces.

Inventory:

Hand Weapons
 a - a +0 long sword (weapon)
 m - a +0 sling
   (You found it on level 1 of the Dungeon)
Missiles
 d - 3 throwing nets (quivered) {!f}
 e - a javelin
 o - 5 boomerangs
Armour
 b - a +0 leather armour (worn)
 c - a +0 helmet
 p - a +0 ring mail
   (You found it on level 2 of the Dungeon)
 q - a +0 robe
   (You found it on level 2 of the Dungeon)
 u - a +0 robe
   (You found it on level 2 of the Dungeon)
Wands
 t - a wand of polymorph (5)
   (You found it on level 2 of the Dungeon)
Scrolls
 f - 3 scrolls of identify {unknown}
 i - 3 scrolls of teleportation {unknown}
 j - a scroll of immolation {unknown}
 k - a scroll of revelation {unknown}
 l - a scroll of fog {unknown}
Potions
 g - 2 potions of ambrosia {unknown}
 h - 3 potions of heal wounds {unknown}
 n - a potion of cancellation {unknown}
 r - a potion of resistance {unknown}
 s - a potion of degeneration {unknown}
 v - a potion of invisibility {unknown}


   Skills:
 - Level 2.0 Fighting
 + Level 4.5 Long Blades
 - Level 1.7 Throwing
 - Level 2.6 Dodging


You had 3 spell levels left.
You didn't know any spells.
Your spell library contained the following spells:

 Spells                   Type           Power      Damage    Failure   Level
 Foxfire                  Conj/Fire      0%         2x1d4     47%         1
 Sandblast                Erth           0%         2d4       47%         1
 Passwall                 Erth           0%         N/A       85%         3
 Stone Arrow              Conj/Erth      0%         3d7       85%         3
 Brom's Barrelling Bould  Conj/Erth      0%         2d3       99%         4
 Plasma Beam              Fire/Air       0%         2x1d10    100%        6
 Starburst                Conj/Fire      0%         6d3       100%        6


Dungeon Overview and Level Annotations

Branches:
Dungeon (3/15)

Altars:
Ru

Annotations:
D:2 Terence


Innate Abilities, Weirdness & Mutations

You have a pair of small horns on your head.
You sometimes gain a little power by taking damage.


Message History

The slug dart misses you.
You have reached level 4!
You feel stronger.
You hit the dart slug. The dart slug launches a dart at you.
The slug dart misses you.
You hit the dart slug. The dart slug launches a dart at you.
The slug dart hits you.
You slash the dart slug!
You kill the dart slug!
The dart slug launches a dart at you. The slug dart misses you.
Terence zaps a wand.
The puff of flame hits you. The dart slug misses you.
You climb upwards.
There is a stone staircase leading down here.
A dart slug is nearby!
You slash the dart slug! You barely miss the dart slug.
The dart slug closely misses you.
You hit the dart slug.
You kill the dart slug!
You start resting.
You climb downwards.
Level annotation: Terence Terence zaps a wand.
The puff of flame hits you! Terence hits you with a +0 hand axe.
There is a stone staircase leading up, spattered with blood here.
Terence zaps a wand.
The puff of flame hits you.
You climb upwards.
There is a stone staircase leading down here.
You hit Terence but do no damage. Terence screams, "I want your blood!"
Terence hits you with a +0 hand axe.
You hit Terence.
Terence zaps a wand.
The puff of flame hits you!
* * * LOW HITPOINT WARNING * * *
You hit Terence but do no damage. You headbutt Terence, but do no damage.
Terence hits you with a +0 hand axe.
* * * LOW HITPOINT WARNING * * *
Okay, then.
Unknown command.
Press: ? - help, Shift-Dir - straight line, f - Terence
Aim: Terence, wielding a +0 hand axe, wearing a +0 chain mail and carrying a wand of flame (lightly wounded, will become a bat, a killer bee, or a ball python, chance to affect: 57%) Terence resists with significant effort.
Terence hits you with a +0 hand axe.
You die...
Terence says, "Time to find some more victims."

........## ####.##
.........# #.#
.........# #.#
....####.### #.#
....# #...#####.#
##### ###.......#
######..##########
###.##......<#
#.†@@..##..###
#.####.#...#####
#.####.#.#.....#
#....#.#.#####.#
####.#...)...#.#
####....#####.#.#
#.............#.#
#.#######..####.##
#................#


You could see Terence.

Vanquished Creatures
  An adder (D:2)
  9 dart slugs
  An orc (D:3)
  5 ball pythons
  2 endoplasms (D:1)
  2 giant cockroaches
  5 hobgoblins
  2 kobolds (D:1)
  4 quokkas
  3 bats
  5 frilled lizards (D:1)
  A goblin (D:1)
  4 rats
44 creatures vanquished.

Vanquished Creatures (others)
  A dart slug (D:3)
1 creature vanquished.

Grand Total: 45 creatures vanquished

Notes
Turn   | Place    | Note
-------+----------+-------------------------------------------
     0 | D:1      | James the Demonspawn Gladiator began the quest for the Orb.
     0 | D:1      | Reached XP level 1. HP: 16/16 MP: 1/1
   171 | D:1      | Reached skill level 3 in Long Blades
   296 | D:1      | Gained mutation: You sometimes gain a little power by
                  | taking damage. [demonic ancestry]
   296 | D:1      | Reached XP level 2. HP: 18/22 MP: 2/2
  1011 | D:2      | Gained mutation: You have a pair of small horns on your
                  | head. [demonic ancestry]
  1011 | D:2      | Reached XP level 3. HP: 27/27 MP: 3/3
  1053 | D:2      | Reached skill level 4 in Long Blades
  1290 | D:2      | Found a sacrificial altar of Ru.
  1645 | D:3      | Noticed Terence
  1684 | D:3      | Reached XP level 4. HP: 21/33 MP: 4/4
  1756 | D:2      | Slain by Terence

Illustrated notes

Levels and vault maps discovered:
D:1:      minmay_arrival_three_doors, layout_loops_ring, serial_forest,
          infiniplex_forest_clump_small, infiniplex_forest_end_3,
          infiniplex_forest_join, infiniplex_forest_lined_2,
          infiniplex_forest_lined_room_2, infiniplex_forest_clump_long,
          grunt_decor_clamped
D:2:      layout_basic, basic_altar
D:3:      kennysheep_slugbush, layout_loops_ring,
          beargit_hepliaklqana_dungeon_heroes, okawaru_ov_weapons_minmay,
          hellmonk_ecumenical_altar_inner_sanctum, minmay_misc_feat_five,
          uniq_terence

Skill      XL: |  1  2  3 |
---------------+----------+-----
Long Blades    | 3 4 |  4.5
Fighting       | |  2.0
Throwing       | |  1.7
Dodging        | |  2.6

Action                     |  1- 3 |  4- 6 || total
---------------------------+-------+-------++-------
  Melee: Long sword        |    93 |     9 ||   102
         Headbutt          |     4 |     1 ||     5
  Evoke: Wand              |       |     1 ||     1
 Armour: Leather armour    |    68 |     9 ||    77
  Dodge: Dodged            |    62 |     4 ||    66

Table legend: (Time is in decaauts)
 A = Elapsed time spent in this place.
 B = Non-inter-level travel time spent in this place.
 C = Inter-level travel time spent in this place.
 D = Time resting spent in this place.
 E = Time spent auto-exploring this place.
 F = Levels seen in this place.
 G = Mean time per level.
                   A        B        C        D        E       F      G
               +--------+--------+--------+--------+--------+-----+--------+
         Total |   1782 |   1687 |     95 |    204 |   1100 |   3 |  594.0 |
       Dungeon |   1782 |   1687 |     95 |    204 |   1100 |   3 |  594.0 |
               +--------+--------+--------+--------+--------+-----+--------+

Top non-repeatable levels by time:
     D:1: 982 daAuts
     D:2: 763 daAuts
     D:3: 36 daAuts
